 Dungeon Crawl Stone Soup version 0.22-a0-815-gb582571 (webtiles) character file.

29 BaronVonScrub the Conjurer (level 3, 0/24 HPs)
             Began as a Mummy Conjurer on July 23, 2018.
             Slain by a goblin
             ... wielding a +0 dagger
             ... led by Robin
              (3 damage)
             ... on level 2 of the Dungeon.
             The game lasted 00:02:31 (1381 turns).

BaronVonScrub the Conjurer (Mummy Conjurer)         Turns: 1381, Time: 00:02:31

Health: 0/24       AC:  2    Str: 11    XL:     3   Next: 1%
Magic:  2/7        EV: 12    Int: 15    God:
Gold:   52         SH:  0    Dex: 12    Spells: 7/8 levels left

rFire    x . .     SeeInvis .   i - +0 club
rCold    + . .     Gourm    .   (no shield)
rNeg     + + +     Faith    .   a - +0 robe
rPois    ∞         Spirit   .   (no helmet)
rElec    .         Reflect  .   (no cloak)
rCorr    .         Harm     .   (no gloves)
MR       .....                  (no boots)
Stlth    ++........             (no amulet)
HPRegen  0.08/turn              (no ring)
MPRegen  0.10/turn              (no ring)

@: no status effects
A: no food or potions, fire vulnerability, cold resistance 1, negative energy
resistance 3, torment resistance, unbreathing
a: no special abilities


You were on level 2 of the Dungeon.
You were not hungry.

You visited 1 branch of the dungeon, and saw 2 of its levels.

You collected 52 gold pieces.

Inventory:

Hand Weapons
 i - a +0 club (weapon)
Armour
 a - a +0 robe (worn)
Jewellery
 f - a cursed ring of teleportation {unknown}
Wands
 h - a wand of random effects (20)
Scrolls
 b - a scroll of fog {unknown}
 c - 2 scrolls of remove curse {unknown}
 d - a scroll of enchant armour {unknown}
 e - a scroll of identify {unknown}
 g - a scroll of fear {unknown}


   Skills:
 - Level 1.5 Dodging
 - Level 1.5 Stealth
 + Level 3.1 Spellcasting
 + Level 4.0 Conjurations


You had 7 spell levels left.
You knew the following spells:

 Your Spells              Type           Power        Failure   Level  Hunger
a - Magic Dart            Conj           ##..         3%          1    N/A

Your spell library contained the following spells:

 Spells                   Type           Power        Failure   Level  Hunger
 Iskenderun's Mystic Bla  Conj           ##......     36%         4    N/A
 Fulminant Prism          Conj/Hex       #.........   65%         4    N/A
 Dazzling Spray           Conj/Hex       #.....       26%         3    N/A
 Force Lance              Conj/Tloc      #.......     65%         4    N/A
 Searing Ray              Conj           ##....       6%          2    N/A

Dungeon Overview and Level Annotations

Branches:
Dungeon (2/15)

Altars:

Annotations:
D:2 Robin


Innate Abilities, Weirdness & Mutations

You do not eat or drink.
Your flesh is vulnerable to fire.
You are immune to poison.
Your flesh is cold resistant. (rC+)
You are immune to negative energy. (rN+++)
You are immune to unholy pain and torment.
You can survive without breathing.


Message History

The goblin barely misses you.
Robin says, "My goblins will feast on your bones."
Evoke which item? (* to show all) (? for menu, Esc to quit)
Aiming: Random Effects
Press: ? - help, Shift-Dir - straight line, f/p - Robin
Aim: Robin, wielding a whip, wearing an animal skin and wearing a helmet (moderately wounded, fast, misshapen and mutated) Robin flickers and vanishes!
Deactivating autopickup; reactivate with Ctrl-A.
The goblin hits you but does no damage. The goblin hits you with a dagger.
* * * LOW HITPOINT WARNING * * *
Casting: Magic Dart (safe; 3% risk of failure)
Confirm with . or Enter, or press ? or * to list all spells.
You don't know that spell.
Unknown command.
You closely miss the goblin. The goblin closely misses you.
You hit the goblin but do no damage. Something hits you.
* * * LOW HITPOINT WARNING * * *
The goblin hits you with a dagger.
You die...

####### #......
#...... #......
#...... ######
#......
#@g..#######......
#{##.#......[.<...
#†##.#.#####......
#.g.).##.#.#
#......
#.##..##.#.#
####### #..##.#.#
#..##.#.#
#..##.#.#
#..##.#.#####


You could see a goblin.

Vanquished Creatures
  A dart slug (D:1)
  A giant cockroach (D:2)
  6 goblins
  3 hobgoblins
  3 kobolds
  A ball python (D:1)
  5 bats (D:1)
  3 frilled lizards (D:1)
  A rat (D:2)
24 creatures vanquished.

Notes
Turn   | Place    | Note
-------+----------+-------------------------------------------
     0 | D:1      | BaronVonScrub the Mummy Conjurer began the quest for the Orb.
     0 | D:1      | Reached XP level 1. HP: 13/13 MP: 4/4
   468 | D:1      | Reached XP level 2. HP: 19/19 MP: 0/5
  1367 | D:2      | Noticed Robin
  1371 | D:2      | Reached skill level 4 in Conjurations
  1371 | D:2      | Reached XP level 3. HP: 21/24 MP: 0/7
  1381 | D:2      | Slain by a goblin

Vault maps used:
D:1:      minmay_arrival_pointy
D:2:      uniq_robin

Skill      XL: |  1  2 |
---------------+-------+-----
Spellcasting   | 3 |  3.1
Conjurations   | 4 |  4.0
Dodging        | |  1.5
Stealth        | |  1.5

Action                   || total
-------------------------++-------
Melee: Unarmed           ||    16
       Club              ||     2
 Cast: Magic Dart        ||    50
Evoke: Wand              ||     8
Armor: Robe              ||     5
Dodge: Dodged            ||    21

Table legend:
 A = Spawn XP
 B = Non-spawn XP
 C = Spawn XP percentage of total XP
 D = Spawn monster count
 E = Non-spawn monster count
 F = Spawn count percentage of total count
 G = Total turns spent on level
                    A         B        C        D         E        F      G
               +---------+---------+-------+---------+---------+-------+---------
         Total |       0 |      42 |   0.0 |       0 |      24 |   0.0 |  1381
               +---------+---------+-------+---------+---------+-------+---------
           D:1 |       0 |      27 |   0.0 |       0 |      15 |   0.0 |  1130
           D:2 |       0 |      15 |   0.0 |       0 |       9 |   0.0 |   251
               +---------+---------+-------+---------+---------+-------+---------
